 Dungeon Crawl Stone Soup version 0.29.0-4-gdea44cf6ec (webtiles) character file.

Game seed: 3468151892273184159

2289 qw the Grappler (level 9, -4/84 HPs)
             Began as a Troll Cinder Acolyte on Sept 2, 2022.
             Was a Priest of Ignis.
             Killed from afar by an electric eel (9 damage)
             ... with a bolt of electricity
             ... on level 7 of the Dungeon.
             The game lasted 00:02:32 (4883 turns).

qw the Grappler (Troll Cinder Acolyte)              Turns: 4883, Time: 00:02:33

Health: -4/84      AC: 15    Str: 28    XL:     9   Next: 17%
Magic:  9/9        EV: 13    Int: 10    God:    Ignis [***...]
Gold:   190        SH:  0    Dex:  5    Spells: 10/10 levels left

rFire   + . .      SeeInvis .     - Unarmed
rCold   . . .      Faith    .   (no shield)
rNeg    . . .      Spirit   .   a - +0 robe
rPois   .          Reflect  .   (helmet restricted)
rElec   .          Harm     .   (no cloak)
rCorr   .          Rampage  .   (gloves unavailable)
Will    .....                   (boots unavailable)
Stlth   +.........              (no amulet)
HPRegen 1.04/turn               b - +4 ring of evasion
MPRegen 0.11/turn               c - +4 ring of protection

@: fiery-armoured, very slow
A: large, unfitting armour, claws 3, regeneration 1, shaggy fur 1, tough skin 1
a: Renounce Religion, Fiery Armour, Foxfire Swarm, Rising Flame


You were on level 7 of the Dungeon.
You worshipped Ignis.
Ignis was most pleased with you.
You visited 1 branch of the dungeon, and saw 7 of its levels.

You collected 190 gold pieces.


Innate Abilities, Weirdness & Mutations

You are too large for most types of armour.
You have claws for hands.
Your natural rate of healing is unusually fast.
You are covered in fur. (AC +1)
You have tough skin. (AC +1)


   Skills:
 - Level 4.0 Fighting
 - Level 1.2 Throwing
 - Level 1.6 Dodging
 + Level 11.6 Unarmed Combat
 - Level 1.0 Spellcasting
 - Level 2.1 Fire Magic


You had 10 spell levels left.
You didn't know any spells.
Your spell library contained the following spells:

 Spells                   Type           Power      Damage    Failure   Level
 Scorch                   Fire           8%         2d5       22%         2

Inventory:

Missiles
 f - 2 boomerangs (quivered)
Armour
 a - a +0 robe (worn)
 d - a +0 kite shield
Jewellery
 b - a +4 ring of evasion (left claw)
 c - a +4 ring of protection (right claw)
Scrolls
 h - a scroll of identify
Potions
 e - a potion of haste
 g - a potion of ambrosia {unknown}
 i - a potion of curing
 j - 2 potions of heal wounds

Dungeon Overview and Level Annotations

Branches:
Dungeon (7/15)             Temple (0/1) D:7

Altars:
Trog
Uskayaw
Wu Jian
The Shining One

Annotations:
D:6 2 runed translucent doors


Message History

An electric eel comes into view. x2
Enter note:
4875 ||| INVOKING Fiery Armour.
A protective cloak of flame settles atop you.
The electric eel shoots out a bolt of lightning at you!
The bolt of electricity hits you!
The electric eel shoots out a bolt of lightning at you!
The bolt of electricity hits you.
The electric eel shoots out a bolt of lightning at you!
The bolt of electricity hits you.
The electric eel shoots out a bolt of lightning at you!
The bolt of electricity hits you!
The electric eel shoots out a bolt of lightning at you!
The bolt of electricity hits you.
The electric eel shoots out a bolt of lightning at you!
The bolt of electricity hits you!
The electric eel shoots out a bolt of lightning at you!
The bolt of electricity misses you.
The electric eel shoots out a bolt of lightning at you!
The bolt of electricity hits you.
The electric eel shoots out a bolt of lightning at you!
The bolt of electricity misses you.
The electric eel shoots out a bolt of lightning at you!
The bolt of electricity hits you.
The electric eel shoots out a bolt of lightning at you!
The bolt of electricity hits you.
The electric eel shoots out a bolt of lightning at you!
The bolt of electricity hits you.
The electric eel shoots out a bolt of lightning at you!
The bolt of electricity misses you.
The electric eel shoots out a bolt of lightning at you!
The bolt of electricity hits you!
The electric eel shoots out a bolt of lightning at you!
The bolt of electricity hits you!
The bolt of electricity hits the plant!
The plant begins to die.
The bolt of electricity hits the plant!
The electric eel shoots out a bolt of lightning at you!
The bolt of electricity hits you!
The electric eel shoots out a bolt of lightning at you!
The bolt of electricity hits you!
You die...

#77P~~~~~~~~~
#~~~~~~~~~~~~ ##
~7~~~~~~~~~~ ##. #
~~~~S~~~~~~ #..
#~7P~~~~~~~~~ ##..
~~~~~~~~~~~ #...
7~~SS~~~~~7 ##... .####
77~@~~~~~~~~7###....
......7~~~P~~~7~P~7#.....#
#P~~~~P~~~~P77......#
#77~~~P~~~~77.......#
7~~~~~77~~7.......#
#PP~~~~~~7.......[#
#~~~~~~~~..##......
##77P~~7~.###......
#~7~~~### #......


You could see 3 electric eels.

Vanquished Creatures
  Sigmund (D:4)
  3 water moccasins
  2 black bears (D:5)
  2 sky beasts
  An ogre (D:5)
  2 centaurs
  2 phantoms
  A bullfrog (D:6)
  A gnoll sergeant (D:7)
  5 scorpions
  A howler monkey (D:7)
  5 hounds
  A jelly (D:5)
  2 iguanas (D:5)
  Natasha (thrice) (D:2)
  An orc wizard (D:6)
  Robin (D:2)
  11 gnolls
  8 adders
  A white imp (D:6)
  An ufetubus (D:6)
  2 worms
  3 dart slugs
  3 orcs
  7 endoplasms
  3 giant cockroaches (D:1)
  19 goblins
  5 hobgoblins
  10 kobolds
  10 quokkas
  6 ball pythons
  2 bats
  A frilled lizard (D:2)
  2 rats
128 creatures vanquished.

Vanquished Creatures (others)
  6 fungi (D:2)
6 creatures vanquished.

Grand Total: 134 creatures vanquished

Notes
Turn   | Place    | Note
-------+----------+-------------------------------------------
     0 | D:1      | qw the Troll Cinder Acolyte began the quest for the Orb.
     0 | D:1      | Reached XP level 1. HP: 22/22 MP: 1/1
     0 | D:1      | 0 ||| qw: Version: 0.1-a-97-g2dd2ca4
     0 | D:1      | 0 ||| qw: Game counter: 4963
     0 | D:1      | 0 ||| qw: Always use a shield: true
     0 | D:1      | 0 ||| qw: God list: Okawaru
     0 | D:1      | 0 ||| qw: Allow faded altars: false
     0 | D:1      | 0 ||| qw: Do Orc after D:15 true
     0 | D:1      | 0 ||| qw: Do second Lair branch before Depths: true
     0 | D:1      | 0 ||| qw: Lair rune preference: random
     0 | D:1      | 0 ||| qw: Plans: Normal
     0 | D:1      | 0 ||| PLANNING D:1-11
    53 | D:1      | 53 ||| Stepping ~*~*~tactically~*~*~ (outnumbered).
    54 | D:1      | 54 ||| Stepping ~*~*~tactically~*~*~ (outnumbered).
    64 | D:1      | 64 ||| Stepping ~*~*~tactically~*~*~ (hiding).
    73 | D:1      | Reached XP level 2. HP: 29/29 MP: 2/2
   214 | D:1      | 214 ||| Stepping ~*~*~tactically~*~*~ (outnumbered).
   215 | D:1      | 215 ||| Stepping ~*~*~tactically~*~*~ (outnumbered).
   216 | D:1      | 216 ||| Stepping ~*~*~tactically~*~*~ (outnumbered).
   314 | D:1      | Reached skill level 4 in Unarmed Combat
   459 | D:1      | Reached XP level 3. HP: 36/36 MP: 3/3
   710 | D:1      | 710 ||| READING 2 scrolls labelled KUCLIE YMUC.
   785 | D:2      | 785 ||| Stepping ~*~*~tactically~*~*~ (stealth).
   787 | D:2      | 787 ||| Stepping ~*~*~tactically~*~*~ (stealth).
   789 | D:2      | 789 ||| Stepping ~*~*~tactically~*~*~ (hiding).
   801 | D:2      | Noticed Natasha
   802 | D:2      | 802 ||| INVOKING Fiery Armour.
   806 | D:2      | 806 ||| Stepping ~*~*~tactically~*~*~ (outnumbered).
   816 | D:2      | Noticed Robin
   817 | D:2      | 817 ||| Stepping ~*~*~tactically~*~*~ (outnumbered).
   820 | D:2      | Killed Natasha
   821 | D:2      | Reached skill level 5 in Unarmed Combat
   821 | D:2      | Reached XP level 4. HP: 38/44 MP: 4/4
   827 | D:2      | 827 ||| Stepping ~*~*~tactically~*~*~ (outnumbered).
   827 | D:2      | Killed Robin
   946 | D:2      | Noticed Natasha
   951 | D:2      | Killed Natasha
  1061 | D:2      | 1061 ||| Stepping ~*~*~tactically~*~*~ (stealth).
  1130 | D:2      | Reached XP level 5. HP: 49/50 MP: 5/5
  1156 | D:2      | Noticed Natasha
  1157 | D:2      | 1157 ||| Stepping ~*~*~tactically~*~*~ (stealth).
  1164 | D:2      | Killed Natasha
  1165 | D:2      | Reached skill level 6 in Unarmed Combat
  1342 | D:2      | 1342 ||| Stepping ~*~*~tactically~*~*~ (hiding).
  1344 | D:2      | 1344 ||| Stepping ~*~*~tactically~*~*~ (hiding).
  1627 | D:2      | Found a faded altar of an unknown god.
  1680 | D:2      | 1680 ||| UPGRADING to +4 ring of evasion.
  1998 | D:3      | Found a glowing golden altar of the Shining One.
  2124 | D:3      | 2124 ||| Stepping ~*~*~tactically~*~*~ (stealth).
  2126 | D:3      | 2126 ||| Stepping ~*~*~tactically~*~*~ (stealth).
  2128 | D:3      | 2128 ||| INVOKING Fiery Armour.
  2129 | D:3      | 2129 ||| Stepping ~*~*~tactically~*~*~ (stealth).
  2132 | D:3      | 2132 ||| Stepping ~*~*~tactically~*~*~ (outnumbered).
  2396 | D:3      | 2396 ||| DROPPING amulet of magic regeneration.
  2397 | D:3      | 2397 ||| READING scroll labelled INUHUH ZIFE XIGE.
  2398 | D:3      | 2398 ||| READING scroll labelled WOQEWY GABIR.
  2399 | D:3      | 2399 ||| READING scroll labelled GECSITW INECZUMEHY.
  2402 | D:3      | 2402 ||| DRINKING 2 lumpy clear potions.
  2403 | D:3      | 2403 ||| DRINKING 2 fuming pink potions.
  2404 | D:3      | 2404 ||| READING 2 scrolls of identify.
  2404 | D:3      | 2404 ||| IDENTIFYING yellow potion
  2405 | D:3      | 2405 ||| DROPPING potion of lignification.
  2406 | D:3      | 2406 ||| DROPPING potion of degeneration.
  2429 | D:4      | 2429 ||| INVOKING Fiery Armour.
  2436 | D:4      | Reached XP level 6. HP: 48/59 MP: 6/6
  2475 | D:4      | Found a hide-covered altar of Uskayaw.
  2534 | D:4      | Reached skill level 7 in Unarmed Combat
  2537 | D:4      | 2537 ||| Stepping ~*~*~tactically~*~*~ (stealth).
  2631 | D:4      | Noticed Sigmund
  2632 | D:4      | 2632 ||| Stepping ~*~*~tactically~*~*~ (hiding).
  2633 | D:4      | 2633 ||| Stepping ~*~*~tactically~*~*~ (hiding).
  2641 | D:4      | Killed Sigmund
  2642 | D:4      | Reached skill level 8 in Unarmed Combat
  2642 | D:4      | Reached XP level 7. HP: 61/66 MP: 7/7
  2743 | D:4      | Reached skill level 3 in Fighting
  2890 | D:4      | 2890 ||| DROPPING orb of guile.
  2891 | D:4      | 2891 ||| READING 2 scrolls labelled MIM HUODOSH.
  2892 | D:4      | 2892 ||| DRINKING 2 sedimented white potions.
  2893 | D:4      | 2893 ||| READING 3 scrolls of identify.
  2893 | D:4      | 2893 ||| IDENTIFYING inky potion
  2894 | D:4      | 2894 ||| READING 2 scrolls of identify.
  2894 | D:4      | 2894 ||| IDENTIFYING murky clear potion
  2895 | D:4      | 2895 ||| DROPPING potion of attraction.
  2896 | D:4      | 2896 ||| DROPPING potion of brilliance.
  2897 | D:4      | 2897 ||| DROPPING scroll of amnesia.
  2912 | D:5      | Entered Level 5 of the Dungeon
  3085 | D:5      | 3085 ||| Stepping ~*~*~tactically~*~*~ (stealth).
  3088 | D:5      | 3088 ||| Stepping ~*~*~tactically~*~*~ (stealth).
  3102 | D:5      | Found an ornate altar of the Wu Jian Council.
  3150 | D:5      | 3150 ||| Stepping ~*~*~tactically~*~*~ (stealth).
  3151 | D:5      | 3151 ||| Stepping ~*~*~tactically~*~*~ (stealth).
  3152 | D:5      | 3152 ||| Stepping ~*~*~tactically~*~*~ (stealth).
  3153 | D:5      | 3153 ||| Stepping ~*~*~tactically~*~*~ (stealth).
  3154 | D:5      | 3154 ||| Stepping ~*~*~tactically~*~*~ (stealth).
  3158 | D:5      | 3158 ||| Stepping ~*~*~tactically~*~*~ (stealth).
  3159 | D:5      | 3159 ||| Stepping ~*~*~tactically~*~*~ (stealth).
  3160 | D:5      | 3160 ||| Stepping ~*~*~tactically~*~*~ (hiding).
  3163 | D:5      | Reached skill level 9 in Unarmed Combat
  3163 | D:5      | 3163 ||| Stepping ~*~*~tactically~*~*~ (hiding).
  3165 | D:5      | 3165 ||| Stepping ~*~*~tactically~*~*~ (hiding).
  3166 | D:5      | 3166 ||| Stepping ~*~*~tactically~*~*~ (hiding).
  3169 | D:5      | 3169 ||| INVOKING Fiery Armour.
  3172 | D:5      | Reached skill level 1 in Dodging
  3172 | D:5      | Reached XP level 8. HP: 39/75 MP: 8/8
  3297 | D:5      | Found a bloodstained altar of Trog.
  3298 | D:5      | 3298 ||| Stepping ~*~*~tactically~*~*~ (stealth).
  3299 | D:5      | 3299 ||| Stepping ~*~*~tactically~*~*~ (stealth).
  3317 | D:5      | Reached skill level 10 in Unarmed Combat
  3491 | D:5      | 3491 ||| UPGRADING to +4 ring of protection.
  3492 | D:5      | 3492 ||| READING 2 scrolls of identify.
  3492 | D:5      | 3492 ||| IDENTIFYING amethyst potion
  3506 | D:6      | Identified the +6 scale mail of the Bells {Will+ Stlth+}
  3574 | D:6      | 3574 ||| Stepping ~*~*~tactically~*~*~ (stealth).
  3751 | D:6      | Found a large runed translucent door.
  3752 | D:6      | Found a large runed translucent door.
  3783 | D:6      | 3783 ||| Stepping ~*~*~tactically~*~*~ (hiding).
  3785 | D:6      | 3785 ||| Stepping ~*~*~tactically~*~*~ (hiding).
  3947 | D:6      | 3947 ||| Stepping ~*~*~tactically~*~*~ (stealth).
  3949 | D:6      | 3949 ||| Stepping ~*~*~tactically~*~*~ (hiding).
  4092 | D:6      | Reached skill level 1 in Throwing
  4409 | D:6      | 4409 ||| READING 2 scrolls of identify.
  4409 | D:6      | 4409 ||| IDENTIFYING bubbling clear potion
  4410 | D:6      | 4410 ||| DROPPING potion of flight.
  4465 | D:7      | Reached skill level 11 in Unarmed Combat
  4510 | D:7      | 4510 ||| Stepping ~*~*~tactically~*~*~ (hiding).
  4512 | D:7      | 4512 ||| Stepping ~*~*~tactically~*~*~ (hiding).
  4520 | D:7      | 4520 ||| Stepping ~*~*~tactically~*~*~ (outnumbered).
  4530 | D:7      | Reached XP level 9. HP: 46/84 MP: 9/9
  4535 | D:7      | 4535 ||| INVOKING Fiery Armour.
  4636 | D:7      | Found a staircase to the Ecumenical Temple.
  4819 | D:7      | Identified the +3 leather armour of Oblivion {Int+2}
  4875 | D:7      | 4875 ||| INVOKING Fiery Armour.
  4883 | D:7      | HP: 16/84 [electric eel/bolt of electricity (12)]
  4883 | D:7      | HP: 5/84 [electric eel/bolt of electricity (11)]
  4883 | D:7      | Killed from afar by an electric eel

Levels and vault maps discovered:
D:1:      minmay_arrival_glassed_features, layout_basic, serial_park_tiny_1
D:2:      cheibrodos_helix_gallery, layout_loops_ring,
          shapermc_ecumenical_altar_hornbeckon, uniq_robin, uniq_natasha
D:3:      layout_loops_ring, nicolae_tso_carved_into_rock
D:4:      layout_rooms, mainiacjoe_overflow_brackets, uniq_sigmund
D:5:      layout_rooms, mainiacjoe_overflow_24_doors,
          nicolae_overflow_crystal_walls, st_stairs_2, minmay_misc_feat_x
D:6:      layout_basic, jmf_multi_god_temple2
D:7:      layout_layer_cave, makhleb_blood_cavern_becter, zin_statuary,
          dk_yredelemnul_ordeal, minmay_temple_entry_antechambers,
          serial_bayou_lake_a

Skill      XL: |  1  2  3  4  5  6  7  8 |
---------------+-------------------------+-----
Unarmed Combat | 4 5 6 8 9 11 | 11.6
Fighting       | 3 4 |  4.0
Dodging        | 1 |  1.6
Throwing       | 1 |  1.2
Spellcasting   | |  1.0
Fire Magic     | |  2.1

Action                   |  1- 3 |  4- 6 |  7- 9 || total
-------------------------+-------+-------+-------++-------
Melee: Unarmed           |    89 |   108 |   118 ||   315
       Punch             |     1 |     1 |     2 ||     4
Throw: Boomerang         |       |       |    14 ||    14
Invok: Fiery Armour      |     1 |     2 |     3 ||     6
  Use: Scroll            |     1 |     4 |     5 ||    10
       Potion            |       |     2 |     1 ||     3
Armor: Robe              |    35 |    30 |    24 ||    89
Dodge: Dodged            |    34 |    47 |    63 ||   144

Table legend:
 A = Non-vault XP
 B = Vault XP
 C = Vault XP percentage of total XP
 D = Non-vault monster count
 E = Vault monster count
 F = Vault count percentage of total count
                 A         B        C        D         E       F
            +---------+---------+-------+---------+---------+-------
      Total |    2751 |     519 |  15.9 |     109 |      19 |  14.8
            +---------+---------+-------+---------+---------+-------
        D:1 |      45 |       0 |   0.0 |      24 |       0 |   0.0
        D:2 |     155 |      85 |  35.4 |      26 |      15 |  36.6
        D:3 |      84 |       0 |   0.0 |      12 |       0 |   0.0
        D:4 |     351 |     206 |  37.0 |      14 |       1 |   6.7
        D:5 |     854 |     228 |  21.1 |      11 |       3 |  21.4
        D:6 |     594 |       0 |   0.0 |      12 |       0 |   0.0
        D:7 |     668 |       0 |   0.0 |      10 |       0 |   0.0
            +---------+---------+-------+---------+---------+-------
